 Dungeon Crawl Stone Soup version 0.31-a0-986-g5e6e4ef867 (webtiles) character file.

Game seed: 4121256104984841650

18810 Zonian the Thaumaturge (level 12, -1/54 (59) HPs)
             Began as a Deep Elf Conjurer on Nov 20, 2023.
             Was an Initiate of Gozag.
             Slain by a spectral orc knight
             ... wielding a +0 battleaxe
             ... summoned by Nergalle
              (9 damage)
             ... on level 2 of the Lair of Beasts.
             The game lasted 01:08:39 (18375 turns).

Zonian the Thaumaturge (Deep Elf Conjurer)         Turns: 18375, Time: 01:08:40

HP:   -1/54 (59)    AC: 11    Str:  6    XL:     12   Next: 31%
MP:   10/29         EV: 15    Int: 27    God:    Gozag
Gold: 1851          SH:  0    Dex: 13    Spells: 11/33 levels left

rFire   + . .        R - +1 short sword (speed) {short}
rCold   . . .        (no shield)
rNeg    . . .        h - +2 robe {rF+}
rPois   +            I - +2 helmet
rElec   .            o - +1 cloak
rCorr   .            N - +1 pair of gloves
SInv    .            (no boots)
Will    +....        c - amulet of magic regeneration {@e2}
Stlth   ++           O - ring of poison resistance
HPRegen 0.29/turn    (no ring)
MPRegen 0.61/turn

%: no passive effects
@: drained
A: no striking features
a: Renounce Religion, Potion Petition, Call Merchant, Bribe Branch


You were on level 2 of the Lair of Beasts.
You worshipped Gozag.
Gozag was most pleased with you.
You visited 3 branches of the dungeon, and saw 13 of its levels.
You also visited: Sewer.

You collected 2562 gold pieces.
You spent 534 gold pieces at shops.
You paid 177 gold pieces to Gozag.


   Skills:
 * Level 3.1 Short Blades
 + Level 7.2 Dodging
 - Level 3.0 Stealth
 + Level 11.0 Spellcasting
 + Level 9.9 Conjurations
 + Level 10.3 Hexes
 + Level 4.4 Translocations
 + Level 6.2 Fire Magic
 + Level 3.8 Ice Magic
 + Level 7.7 Air Magic
 + Level 8.3 Poison Magic


You had 11 spell levels left.
You knew the following spells:

 Your Spells              Type           Power      Damage    Failure   Level
a - Magic Dart            Conj           100%       1d8       1%          1
b - Searing Ray           Conj           100%       2d8       1%          2
c - Mephitic Cloud        Conj/Pois/Air  58%        N/A       1%          3
d - Fulminant Prism       Conj/Hex       31%        3d15      1%          4
e - Ignite Poison         Fire/Tmut/Pois 41%        N/A       1%          3
f - Iskenderun's Mystic   Conj/Tloc      52%        2d11      1%          4
g - Freezing Cloud        Conj/Ice/Air   26%        6-21      5%          5

Your spell library contained the following spells:

 Spells                   Type           Power      Damage    Failure   Level
 Cigotuvi's Dreadful Rot  Necr/Pois/Air  86%        N/A       1%          2
 Lesser Beckoning         Tloc           76%        N/A       1%          2
 Poisonous Vapours        Pois/Air       100%       N/A       1%          2
 Dazzling Flash           Conj/Hex       100%       N/A       1%          3
 Gell's Gravitas          Tloc           38%        N/A       1%          3
 Teleport Other           Tloc           38%        N/A       1%          3

Inventory:

Hand Weapons
 f - a +0 dagger {short}
   (You found it on level 1 of the Dungeon)
 g - a +3 short sword of venom {short}
   (You took it off an orc on level 9 of the Dungeon)
 j - a +0 spectral short sword {short}
   (You took it off a kobold on level 2 of the Dungeon)
 p - a +0 sling
   (You took it off a goblin on level 2 of the Dungeon)
 v - a +1 heavy hand axe {axe}
   (You took it off an orc on level 3 of the Dungeon)
 w - the +7 glaive of Qecas {holy, SInv, polearm}
   (You found it on level 3 of the Dungeon)

   SInv:      It lets you see invisible.
 x - the +0 quarterstaff of Gluttony {elec, rPois rF+ Int+3, staff}
   (You found it on level 2 of the Lair of Beasts)

   Int+3:     It affects your intelligence (+3).
   rF+:       It protects you from fire.
   rPois:     It protects you from poison
 L - a +0 heavy mace {mace}
   (You took it off an orc on level 5 of the Dungeon)
 R - a +1 short sword of speed (weapon) {short}
   (You found it on level 2 of the Lair of Beasts)
 U - a +1 rapier of flaming {short}
   (You found it on level 7 of the Dungeon)
Missiles
 d - 11 boomerangs {throwing}
 m - 2 datura-tipped darts {throwing}
 D - 16 poisoned darts {throwing}
 G - 4 curare-tipped darts {=fthrowing}
 P - 3 throwing nets {=f!fthrowing}
Armour
 a - a +0 robe
 h - a +2 robe of fire resistance (worn)
   (You took it off Psyche on level 8 of the Dungeon)
 o - a +1 cloak (worn)
   (You found it on level 2 of the Dungeon)
 I - a +2 helmet (worn)
   (You found it on level 5 of the Dungeon)
 M - an orb of light
   (You found it on level 5 of the Dungeon)
 N - a +1 pair of gloves (worn)
   (You found it on level 6 of the Dungeon)
Magical Staves
 y - a staff of poison {!astaff}
   (You found it on level 4 of the Dungeon)
Jewellery
 c - an amulet of magic regeneration (around neck) {@e2}
   (You bought it in a shop on level 2 of the Dungeon)
 l - an amulet of reflection
   (You found it on level 2 of the Lair of Beasts)
 u - a ring of resist corrosion
   (You found it on level 1 of the Lair of Beasts)
 O - a ring of poison resistance (left hand)
   (You found it on level 5 of the Dungeon)
 Q - a ring of resist corrosion
   (You found it on level 7 of the Dungeon)
Wands
 q - a wand of mindburst (9)
   (You found it on level 1 of the Lair of Beasts)
 S - a wand of roots (3)
   (You found it on level 7 of the Dungeon)
Scrolls
 k - a scroll of butterflies
 n - 4 scrolls of blinking {!r}
 r - 5 scrolls of fog
 J - a scroll of poison {!r}
Potions
 b - a potion of magic
 e - 4 potions of curing {@q1}
 i - 3 potions of might
 s - 4 potions of brilliance
 z - a potion of enlightenment {unknown}
 A - 2 potions of haste {@q3}
 B - a potion of resistance
 C - a potion of experience {unknown}
 E - a potion of mutation {unknown}
 F - a potion of heal wounds {@q2}
 H - a potion of berserk rage {unknown}
 K - a potion of degeneration {unknown}
Miscellaneous
 t - a tin of tremorstones (2/2) {throwing}
   (You found it on level 1 of the Lair of Beasts)

Dungeon Overview and Level Annotations

Branches:
Dungeon (10/15) Zot: 26833  Temple (1/1) D:5 Zot: 5823    Lair (2/5) D:10 Zot: 8325
    Orc (0/2) D:9           Sewer (visited)
  Swamp: Lair:2-3    Shoals: Lair:2-3     Snake: Lair:2-3    Spider: Lair:2-3

Altars:
Ashenzari
Cheibriados
Dithmenos
Elyvilon
Fedhas
Gozag
Hepliaklqana
Kikubaaqudgha
Makhleb
Nemelex Xobeh
Okawaru
Qazlal
Ru
Sif Muna
Trog
Uskayaw
Vehumet
Wu Jian
Xom
Yredelemnul
Zin
The Shining One

Shops:
D:2 *(=

Annotations:
D:3 Sigmund
D:8 Maggie
D:10 Maurice
Lair:1 2 transporters, Jeremiah
Lair:2 Nergalle

....### ##...# #....#
#....P# ##### .#....
##....###.....# #..
#.....#.##...## ###.$
#.............# ####
##...# ##...........##
.#.####!...###
#....##..#...#
YY...........#
##....#####...#
.....?...#...####....#.#
##...#
#.......###...##@Z...###
#....## #####..##
#..........# ##...P#
##.# ##.°.o.#.#.#
##.....# # #.§§§#.####
##.....## #..#§§###
##.....## #..§§##
##....### #...§##
#....## .....# ###.#.#.#
....## ##..###.##


You could see Nergalle and a spectral orc knight (summoned, fast).


Message History

Orcish apparitions take form around you. 😮 MP[-2]
You lost 2 mp, and now have 27/29 mp.
Unknown command.
Casting: Mephitic Cloud (safe; 1% risk of failure)
Confirm with . or Enter, or press ? or * to list all spells.
Aiming: Mephitic Cloud (safe; 1% risk of failure)
Press: ? - help, Shift-Dir - straight line, f/p - Nergalle
Aim: Nergalle, wielding a +0 dagger of venom and wearing a +0 robe (noxious fumes, chance to affect: 53%)
The ball explodes into a vile cloud!
The stinking cloud engulfs Nergalle but does no damage.
Nergalle is engulfed in noxious fumes.
Nergalle appears confused. 😮 HP[+1] MP[-3]
You lost 3 mp, and now have 24/29 mp.
Unknown command.
Casting: Mephitic Cloud (safe; 1% risk of failure)
Confirm with . or Enter, or press ? or * to list all spells.
You ignite the poison in your surroundings!
Nergalle is engulfed in blazing flames.
The spectral orc knight hits you with a +0 battleaxe!
* * * LOW HITPOINT WARNING * * *
You feel drained.
* * * LOW HITPOINT WARNING * * *
😨 HP[-9] MP[-2]
You now have 57 max hp (-2).
You take 9 damage, and now have 26/57 hp.
You lost 2 mp, and now have 22/29 mp.
Casting: Ignite Poison (safe; 1% risk of failure)
Confirm with . or Enter, or press ? or * to list all spells.
You erupt in a blast of force!
The mystic blast hits the spectral orc knight!
The spectral orc knight is knocked back by the mystic blast.
The mystic blast hits Nergalle!
Nergalle is knocked back by the mystic blast. 😨 MP[-3]
You lost 3 mp, and now have 19/29 mp.
Unknown command.
Casting: Iskenderun's Mystic Blast (dangerous; 1% risk of failure)
Confirm with . or Enter, or press ? or * to list all spells.
Aiming: Searing Ray (safe; 1% risk of failure)
Press: ? - help, Shift-Dir - straight line, f/p - Nergalle
Aim: Nergalle, wielding a +0 dagger of venom and wearing a +0 robe (lightly wounded, confused, 94% to hit)
The searing ray hits Nergalle but does no damage. (Press . to maintain the ray.) 😨 MP[-2]
You lost 2 mp, and now have 17/29 mp.
Unknown command.
The searing ray hits Nergalle. 😨 HP[+1] Unknown command.
The searing ray hits Nergalle but does no damage. 😨 MP[-1]
You lost 1 mp, and now have 16/29 mp.
Unknown command.
The searing ray hits Nergalle.
You finish channelling your searing ray.
The spectral orc knight hits you with a +0 battleaxe.
* * * LOW HITPOINT WARNING * * *
😨 HP[-2]
You take 2 damage, and now have 25/57 hp.
Unknown command.
Unknown command.
Casting: Searing Ray (safe; 1% risk of failure)
Confirm with . or Enter, or press ? or * to list all spells.
Okay, then.
Casting: Searing Ray (safe; 1% risk of failure)
Confirm with . or Enter, or press ? or * to list all spells.
Aiming: Freezing Cloud (dangerous; 5% risk of failure)
Press: ? - help, Dir - move target, f/p - Nergalle
Aim: Nergalle, wielding a +0 dagger of venom and wearing a +0 robe (moderately wounded, confused) Nergalle seems less confused.
Nergalle is engulfed in freezing vapours.
The spectral orc knight closely misses you. 😨 HP[+1] MP[-4]
You lost 4 mp, and now have 12/29 mp.
Unknown command.
Aiming: Mindburst
Press: ? - help, Shift-Dir - straight line, f/p - Nergalle
Aim: Nergalle, wielding a +0 dagger of venom and wearing a +0 robe (freezing vapour, heavily wounded, chance to affect: 29%)
Okay, then.
Casting: Freezing Cloud (dangerous; 5% risk of failure)
Confirm with . or Enter, or press ? or * to list all spells.
Aiming: Searing Ray (safe; 1% risk of failure)
Press: ? - help, Shift-Dir - straight line, f/p - Nergalle
Aim: Nergalle, wielding a +0 dagger of venom and wearing a +0 robe (freezing vapour, heavily wounded, 81% to hit)
The searing ray hits Nergalle. (Press . to maintain the ray.) Nergalle is engulfed in freezing vapours.
The spectral orc knight hits you but does no damage. 😨 MP[-2]
You lost 2 mp, and now have 10/29 mp.
Unknown command.
The searing ray hits Nergalle!
Nergalle gestures at the spectral orc knight while chanting.
The spectral orc knight seems to speed up.
The spectral orc knight hits you with a +0 battleaxe!!
* * * LOW HITPOINT WARNING * * *
You feel drained.
You die...
Your body crumbles into a pile of gold.

Skill      XL: |  1  2  3  4  5  6  7  8  9 10 11 12 |
---------------+-------------------------------------+-----
Stealth        | 3 |  3.0
Hexes          | 1 2 3 4 5 6 8 9 10 | 10.3
Spellcasting   | 4 5 6 7 8 9 10 11 | 11.0
Conjurations   | 5 6 7 8 9 |  9.9
Air Magic      | 1 2 3 4 5 6 7 |  7.7
Poison Magic   | 1 2 3 5 6 7 8 |  8.3
Fire Magic     | 3 4 5 6 |  6.2
Dodging        | 3 5 6 7 |  7.2
Translocations | 2 4 |  4.4
Ice Magic      | 3 |  3.8
Short Blades   | 2 3 |  3.1

Action                     |  1- 3 |  4- 6 |  7- 9 | 10-12 || total
---------------------------+-------+-------+-------+-------++-------
  Melee: Dagger            |     5 |     7 |    14 |       ||    26
         Short sword       |       |       |     2 |   116 ||   118
         Rapier            |       |       |     1 |       ||     1
         Staff             |       |       |       |     7 ||     7
  Throw: Dart              |       |       |       |     2 ||     2
   Cast: Magic Dart        |    96 |   104 |   168 |   106 ||   474
         Searing Ray       |     1 |    15 |    62 |    52 ||   130
         Mephitic Cloud    |       |       |    11 |    56 ||    67
         Fulminant Prism   |       |       |     2 |     1 ||     3
         Ignite Poison     |       |       |       |    17 ||    17
         Iskenderun's Myst |       |       |       |    24 ||    24
         Freezing Cloud    |       |       |       |     2 ||     2
  Evoke: Wand              |       |       |       |     2 ||     2
    Use: Scroll            |       |    12 |    16 |     7 ||    35
         Potion            |       |     2 |     2 |     5 ||     9
   Stab: Sleeping          |       |     2 |     2 |       ||     4
         Confused          |       |       |     1 |     5 ||     6
         Distracted        |       |       |       |     1 ||     1
 Armour: Robe              |     6 |    28 |    79 |   117 ||   230
         Skin              |       |       |       |    47 ||    47
  Dodge: Dodged            |     3 |    16 |    63 |   117 ||   199

Levels and vault maps discovered:
D:1:      scummos_arrival_checkerplants, layout_loops_ring, serial_forest,
          infiniplex_forest_lined_corner, infiniplex_forest_lined_room_2,
          infiniplex_forest_straight_2, infiniplex_forest_end_3,
          infiniplex_forest_end_2, infiniplex_forest_lined_1,
          infiniplex_forest_lined_ring, kennysheep_flooded_box,
          minmay_misc_feat_four_crosses, minmay_gold_behind_fungi
D:2:      layout_rooms, serial_shops, shop, shop, nicolae_shop_gibbet_a_chance,
          basic_altar, grunt_ministairs_15, serial_bayou_pond_b
D:3:      layout_loops_ring, jmf_multi_god_temple, uniq_sigmund
D:4:      layout_basic, kennysheep_minor_cross
D:5:      layout_rooms, nicolae_overflow_hidden_temple,
          minmay_temple_entry_large_hall, portal_sewer_entry_f
D:6:      layout_basic, minmay_misc_feat_x, columned_hall_lemuel
D:7:      kennysheep_slugbush, layout_basic, kennysheep_doodads
D:8:      layout_loops_ring, overflow_temple_1_default, uniq_psyche, uniq_maggie
D:9:      layout_irregular_city, hiddenorc2_lemuel
D:10:     minmay_cut_squares, layout_loops_ring, david_lair_shrubbed,
          serial_shops, nicolae_shop_window_shopping, uniq_maurice, uniq_fannar
Temple:   regret_index_temple_chain_breaker
Lair:1:   gammafunk_cloud_chamber, layout_concentric_octagons,
          grunt_megastairs_2, infiniplex_staircase_pool_2, uniq_jeremiah
Lair:2:   layout_concentric_octagons, minmay_shoals_entry_beasts,
          dreamdust_mushroom_princess, beast_lair_carwin_8,
          serial_bayou_shore_b, uniq_nergalle

Notes
Turn   | Place    | Note
-------+----------+-------------------------------------------
     0 | D:1      | Zonian the Deep Elf Conjurer began the quest for the Orb.
     0 | D:1      | Reached XP level 1. HP: 10/10 MP: 6/6
     0 | D:1      | magus.rc [v1.9.6]
   487 | D:1      | Reached XP level 2. HP: 15/15 MP: 6/8
   969 | D:1      | Learned a level 2 spell: Searing Ray
  1015 | D:2      | Reached skill level 3 in Stealth
  1188 | D:2      | Reached XP level 3. HP: 19/19 MP: 6/10
  1233 | D:2      | Found Miuttao's Antique Weapon Shoppe.
  1304 | D:2      | Found Kymakkess's Assorted Antiques.
  1329 | D:2      | Bought a scroll labelled DIEKKADGH HUAS for 30 gold pieces
  1329 | D:2      | Bought a scroll labelled PEULLA TEICINU for 30 gold pieces
  1329 | D:2      | Bought 2 cyan potions for 54 gold pieces
  1329 | D:2      | Bought a scroll labelled MIXUIG QULUBBO for 30 gold pieces
  1329 | D:2      | Bought a scroll labelled BINEIR ICITAPA for 30 gold pieces
  1358 | D:2      | You add the spells Cigotuvi's Dreadful Rot, Ignite Poison
                  | and Freezing Cloud to your library.
  1473 | D:2      | You pick up a book of Vapours and begin reading...
  1473 | D:2      | You add the spells Poisonous Vapours and Mephitic Cloud to
                  | your library.
  1490 | D:2      | Found Pajetye's Jewellery Emporium.
  1497 | D:2      | Reached skill level 1 in Hexes
  1560 | D:2      | Found an ornate altar of the Wu Jian Council.
  1945 | D:3      | Reached skill level 4 in Spellcasting
  2172 | D:3      | Reached XP level 4. HP: 24/24 MP: 9/12
  2225 | D:3      | Reached skill level 5 in Conjurations
  2258 | D:3      | Identified the +7 glaive of Qecas {holy, SInv}
  2319 | D:3      | Found a bloodstained altar of Trog.
  2319 | D:3      | Found a blossoming altar of Fedhas.
  2443 | D:3      | Noticed Sigmund
  2542 | D:3      | Reached skill level 2 in Hexes
  2682 | D:3      | Learned a level 3 spell: Mephitic Cloud
  2872 | D:4      | Reached XP level 5. HP: 28/28 MP: 6/13
  2876 | D:4      | Noticed an orc warrior
  3537 | D:4      | Reached skill level 1 in Air Magic
  3537 | D:4      | Reached skill level 1 in Poison Magic
  4078 | D:4      | Reached skill level 3 in Hexes
  4486 | D:5      | Entered Level 5 of the Dungeon
  4492 | D:5      | Reached skill level 5 in Spellcasting
  4492 | D:5      | Reached XP level 6. HP: 32/32 MP: 10/15
  4517 | D:5      | Found a glowing drain.
  4593 | Sewer    | Entered a sewer
  4873 | Sewer    | Reached skill level 2 in Air Magic
  4873 | Sewer    | Reached skill level 2 in Poison Magic
  5584 | D:5      | Found a staircase to the Ecumenical Temple.
  5596 | D:5      | Noticed an ice beast
  5603 | D:5      | Killed an ice beast
  5604 | D:5      | Reached skill level 4 in Hexes
  5604 | D:5      | Reached XP level 7. HP: 36/36 MP: 9/17
  5611 | Temple   | Entered the Ecumenical Temple
  5772 | Temple   | Became a worshipper of Gozag Ym Sagoz the Greedy
  6171 | D:5      | Found an ornate altar of the Wu Jian Council.
  6303 | D:6      | Reached skill level 6 in Conjurations
  6576 | D:6      | Reached skill level 3 in Poison Magic
  6824 | D:6      | Reached skill level 6 in Spellcasting
  6901 | D:6      | Reached skill level 3 in Air Magic
  7227 | D:6      | Reached skill level 5 in Hexes
  7695 | D:6      | Reached XP level 8. HP: 36/41 MP: 14/19
  8058 | D:2      | Bought an amulet of magic regeneration for 360 gold pieces
  8221 | D:7      | Reached skill level 4 in Poison Magic
  8525 | D:7      | Learned a level 4 spell: Fulminant Prism
  8762 | D:7      | Reached skill level 7 in Spellcasting
  8762 | D:7      | Reached skill level 4 in Air Magic
  8766 | D:7      | Reached skill level 7 in Conjurations
  8766 | D:7      | Reached skill level 6 in Hexes
  9416 | D:7      | Reached skill level 5 in Poison Magic
  9416 | D:7      | Reached XP level 9. HP: 45/45 MP: 14/22
 10446 | D:8      | Noticed Psyche
 10583 | D:8      | Found a shadowy altar of Dithmenos.
 10840 | D:8      | Noticed a gargoyle
 10956 | D:9      | Noticed a two-headed ogre
 10993 | D:9      | Reached skill level 7 in Hexes
 11002 | D:9      | Learned a level 3 spell: Ignite Poison
 11132 | D:9      | Reached skill level 5 in Air Magic
 11200 | D:9      | Reached skill level 8 in Spellcasting
 11410 | D:9      | Reached skill level 1 in Fire Magic
 11879 | D:9      | Killed a two-headed ogre
 11880 | D:9      | Reached skill level 8 in Conjurations
 11880 | D:9      | Reached skill level 2 in Fire Magic
 12291 | D:9      | Reached skill level 6 in Poison Magic
 12317 | D:9      | Found a staircase to the Orcish Mines.
 12370 | D:9      | Reached skill level 3 in Dodging
 12700 | D:8      | Killed Psyche
 12701 | D:8      | Reached skill level 8 in Hexes
 13124 | D:9      | Reached skill level 3 in Fire Magic
 13503 | D:9      | Reached XP level 10. HP: 44/50 MP: 17/24
 13513 | D:9      | Reached skill level 9 in Spellcasting
 13618 | D:8      | Noticed Maggie
 13774 | D:9      | Reached skill level 6 in Air Magic
 13776 | D:9      | Reached skill level 4 in Dodging
 13781 | D:9      | HP: 12/50 [yak (12)]
 13786 | D:9      | HP: 6/50 [yak (7)]
 13801 | D:9      | Reached skill level 4 in Fire Magic
 14018 | D:9      | Learned a level 4 spell: Iskenderun's Mystic Blast
 14526 | D:10     | Identified the "Cogg"
 14526 | D:10     | Entered Level 10 of the Dungeon
 14581 | D:10     | Noticed a gargoyle
 14609 | D:10     | Found a staircase to the Lair.
 14628 | D:10     | Noticed Maurice
 14630 | D:10     | Reached skill level 5 in Dodging
 14630 | D:10     | Reached skill level 1 in Translocations
 14693 | D:11     | Identified the "Jueblum"
 14693 | D:12     | Identified the "Ottorasu"
 14693 | Lair:1   | Entered Level 1 of the Lair of Beasts
 14725 | Lair:1   | Noticed Jeremiah
 14753 | Lair:1   | Reached skill level 7 in Poison Magic
 14787 | Lair:1   | Reached skill level 9 in Conjurations
 14787 | Lair:1   | Reached skill level 9 in Hexes
 15285 | Lair:1   | You pick up a book of Displacement and begin reading...
 15285 | Lair:1   | You add the spells Lesser Beckoning, Gell's Gravitas and
                  | Teleport Other to your library.
 15296 | Lair:1   | Learned a level 5 spell: Freezing Cloud
 15384 | Lair:1   | Reached skill level 2 in Translocations
 15384 | Lair:1   | Reached XP level 11. HP: 54/54 MP: 4/26
 15733 | Lair:1   | Found a transporter.
 15739 | Lair:1   | Noticed a swamp dragon
 15740 | Lair:1   | Noticed a swamp dragon
 15780 | Lair:1   | Reached skill level 10 in Spellcasting
 15794 | Lair:1   | Reached skill level 1 in Ice Magic
 16111 | Lair:1   | Reached skill level 5 in Fire Magic
 16146 | Lair:1   | Found a transporter.
 16240 | Lair:1   | Reached skill level 7 in Air Magic
 16243 | Lair:1   | Reached skill level 6 in Dodging
 16244 | Lair:1   | Reached skill level 2 in Ice Magic
 16247 | Lair:1   | Reached skill level 3 in Translocations
 17079 | Lair:2   | Reached skill level 1 in Short Blades
 17079 | Lair:2   | Reached skill level 3 in Ice Magic
 17080 | Lair:2   | Reached skill level 10 in Hexes
 17080 | Lair:2   | Reached skill level 8 in Poison Magic
 17094 | Lair:2   | HP: 7/54 [yak (13)]
 17097 | Lair:2   | Reached skill level 4 in Translocations
 17176 | Lair:2   | Reached skill level 2 in Short Blades
 17176 | Lair:2   | Reached XP level 12. HP: 36/59 MP: 25/28
 17360 | Lair:2   | Reached skill level 6 in Fire Magic
 17735 | Lair:2   | Reached skill level 7 in Dodging
 17883 | Lair:2   | Identified the +0 quarterstaff of Gluttony {elec, rPois rF+
                  | Int+3}
 18149 | Lair:2   | Reached skill level 3 in Short Blades
 18305 | Lair:2   | Reached skill level 11 in Spellcasting
 18348 | Lair:2   | magus.rc [v1.9.6]
 18353 | Lair:2   | Noticed Nergalle
 18375 | Lair:2   | HP: 8/57 [spectral orc knight/+0 battleaxe[Nergalle] (18)]
 18375 | Lair:2   | Slain by a spectral orc knight

Vanquished Creatures
  A two-headed ogre (D:9)
  9 elephants (Lair:2)
  2 manticores (Lair:2)
  A torpor snail (Lair:1)
  2 cane toads
  4 komodo dragons
  Psyche (D:8)
  A hornet (D:9)
  2 blink frogs (Lair:2)
  3 dream sheep (Lair:1)
  3 wyverns
  42 yaks
  A steam dragon (D:7)
  5 water moccasins
  2 ice beasts
  4 orc warriors
  A black bear (D:6)
  3 centaurs
  13 wolves
  A gnoll sergeant (D:9)
  A kobold brigand (Sewer)
  6 bullfrogs
  A scorpion (D:7)
  8 killer bees (D:9)
  An electric eel (D:7)
  3 howler monkeys
  3 hounds
  3 jellies
  8 orc priests
  A sleepcap (D:6)
  2 iguanas
  8 orc wizards
  5 gnolls (D:9)
  7 adders
  3 shadow imps
  4 white imps
  2 ufetubi (D:7)
  A worm (D:4)
  13 dart slugs
  41 orcs
  9 ball pythons
  12 bats
  11 endoplasms
  8 giant cockroaches
  6 goblins
  6 hobgoblins
  3 jackals
  22 kobolds
  3 quokkas
  2 frilled lizards
  9 rats
313 creatures vanquished.

Vanquished Creatures (others)
  3 fulminant prisms
3 creatures vanquished.

Grand Total: 316 creatures vanquished

Table legend:
 A = Non-vault XP
 B = Vault XP
 C = Vault XP percentage of total XP
 D = Non-vault monster count
 E = Vault monster count
 F = Vault count percentage of total count
                 A         B        C        D         E       F
            +---------+---------+-------+---------+---------+-------
      Total |   21875 |    4997 |  18.6 |     216 |      97 |  31.0
            +---------+---------+-------+---------+---------+-------
        D:1 |      26 |       0 |   0.0 |      15 |       0 |   0.0
        D:2 |      36 |      11 |  23.4 |      21 |       6 |  22.2
        D:3 |      58 |       4 |   6.5 |      18 |       2 |  10.0
        D:4 |     340 |       0 |   0.0 |      19 |       0 |   0.0
        D:5 |     329 |      12 |   3.5 |      13 |       6 |  31.6
        D:6 |     653 |       0 |   0.0 |      14 |       0 |   0.0
        D:7 |    1290 |      40 |   3.0 |      18 |      10 |  35.7
        D:8 |     392 |     371 |  48.6 |       6 |       1 |  14.3
        D:9 |    4336 |     635 |  12.8 |      32 |      32 |  50.0
       D:10 |       0 |     596 | 100.0 |       0 |       2 | 100.0
     Lair:1 |    5446 |    1925 |  26.1 |      26 |       9 |  25.7
     Lair:2 |    8969 |    1280 |  12.5 |      34 |       5 |  12.8
      Sewer |       0 |     123 | 100.0 |       0 |      24 | 100.0
            +---------+---------+-------+---------+---------+-------

Skill      XL: |  1  2  3  4  5  6  7  8  9 10 11 12 |
---------------+-------------------------------------+-----
Stealth        | 3 |  3.0
Hexes          | 1 2 3 4 5 6 8 9 10 | 10.3
Spellcasting   | 4 5 6 7 8 9 10 11 | 11.0
Conjurations   | 5 6 7 8 9 |  9.9
Air Magic      | 1 2 3 4 5 6 7 |  7.7
Poison Magic   | 1 2 3 5 6 7 8 |  8.3
Fire Magic     | 3 4 5 6 |  6.2
Dodging        | 3 5 6 7 |  7.2
Translocations | 2 4 |  4.4
Ice Magic      | 3 |  3.8
Short Blades   | 2 3 |  3.1

Action                     |  1- 3 |  4- 6 |  7- 9 | 10-12 || total
---------------------------+-------+-------+-------+-------++-------
  Melee: Dagger            |     5 |     7 |    14 |       ||    26
         Short sword       |       |       |     2 |   116 ||   118
         Rapier            |       |       |     1 |       ||     1
         Staff             |       |       |       |     7 ||     7
  Throw: Dart              |       |       |       |     2 ||     2
   Cast: Magic Dart        |    96 |   104 |   168 |   106 ||   474
         Searing Ray       |     1 |    15 |    62 |    52 ||   130
         Mephitic Cloud    |       |       |    11 |    56 ||    67
         Fulminant Prism   |       |       |     2 |     1 ||     3
         Ignite Poison     |       |       |       |    17 ||    17
         Iskenderun's Myst |       |       |       |    24 ||    24
         Freezing Cloud    |       |       |       |     2 ||     2
  Evoke: Wand              |       |       |       |     2 ||     2
    Use: Scroll            |       |    12 |    16 |     7 ||    35
         Potion            |       |     2 |     2 |     5 ||     9
   Stab: Sleeping          |       |     2 |     2 |       ||     4
         Confused          |       |       |     1 |     5 ||     6
         Distracted        |       |       |       |     1 ||     1
 Armour: Robe              |     6 |    28 |    79 |   117 ||   230
         Skin              |       |       |       |    47 ||    47
  Dodge: Dodged            |     3 |    16 |    63 |   117 ||   199

Illustrated notes

Table legend:
 A = Kills in this place as a percentage of kills in the entire game.
 B = Kills by you in this place as a percentage of kills by you in the entire game.
 C = Kills by friends in this place as a percentage of kills by friends in the entire game.
 D = Other kills in this place as a percentage of other kills in the entire game.
 E = Experience gained in this place as a percentage of experience gained in the entire game.
 F = Experience gained in this place divided by the number of levels of this place that you have seen.
                   A       B       C       D       E      F
               +-------+-------+-------+-------+-------+----------------------
         Total | 100.0 | 100.0 |   N/A | 100.0 | 100.0 | 1919.4
       Dungeon |  68.7 |  70.9 |   N/A |  21.4 |  34.0 | 912.9
          Lair |  23.6 |  21.1 |   N/A |  78.6 |  65.6 | 8810.0
         Sewer |   7.7 |   8.0 |   N/A |   0.0 |   0.5 | 123.0
               +-------+-------+-------+-------+-------+----------------------

Table legend: (Time is in decaauts)
 A = Elapsed time spent in this place.
 B = Non-inter-level travel time spent in this place.
 C = Inter-level travel time spent in this place.
 D = Time resting spent in this place.
 E = Time spent auto-exploring this place.
 F = Levels seen in this place.
 G = Mean time per level.
                   A        B        C        D        E       F      G
               +--------+--------+--------+--------+--------+-----+--------+
         Total |  18441 |  17958 |    483 |   8134 |   5415 |  14 | 1317.2 |
       Dungeon |  13699 |  13216 |    483 |   5359 |   4801 |  10 | 1369.9 |
        Temple |    176 |    176 |      0 |    145 |      0 |   1 |  176.0 |
          Lair |   3673 |   3673 |      0 |   2100 |    495 |   2 | 1836.5 |
         Sewer |    890 |    890 |      0 |    530 |    118 |   1 |  890.0 |
               +--------+--------+--------+--------+--------+-----+--------+

Top non-repeatable levels by time:
     D:9: 2970 daAuts
     D:7: 2173 daAuts
  Lair:1: 2057 daAuts
     D:6: 1715 daAuts
  Lair:2: 1616 daAuts
     D:3: 1538 daAuts
     D:4: 1264 daAuts
     D:8: 1203 daAuts
     D:1: 1012 daAuts
   Sewer: 890 daAuts
     D:5: 848 daAuts
     D:2: 807 daAuts
  Temple: 176 daAuts
    D:10: 166 daAuts
